 Dungeon Crawl Stone Soup version 0.19.5 (console) character file.

67 CALLOUS the Ducker (level 4, -2/23 HPs)
             Began as a Spriggan Abyssal Knight on May 19, 2017.
             Was a Believer of Lugonu.
             Slain by an orc wizard
             ... wielding a +0 dagger
              (5 damage)
             ... on level 3 of the Dungeon.
             The game lasted 00:27:39 (3269 turns).

CALLOUS the Ducker (Spriggan Abyssal Knight)        Turns: 3269, Time: 00:27:39

Health: -2/23      AC:  2    Str:  7 (8)  XL:     4   Next: 0%
Magic:  8/8        EV: 20    Int: 13      God:    Lugonu [**....]
Gold:   75         SH:  0    Dex: 16      Spells: 0 memorised, 7 levels left

rFire  . . .     SeeInvis +     a - +1 short sword
rCold  . . .     Gourm    .     b - +0 robe
rNeg   . . .     Faith    .     (shield restricted)
rPois  .         Spirit   .     (helmet restricted)
rElec  .         Reflect  .     (no cloak)
rCorr  .         Harm     .     (gloves unavailable)
MR     +....                    (boots unavailable)
Stlth  ++........               (no amulet)
                                (no ring)
                                (no ring)

@: very quick
A: unfitting armour, see invisible, deterioration 1, herbivore 3, speed 3, magic
resistance 1, screaming 1, slow metabolism 2
a: Depart the Abyss, Bend Space, Renounce Religion


You were on level 3 of the Dungeon.
You worshipped Lugonu.
Lugonu was pleased with you.
You were not hungry.

You visited 1 branch of the dungeon, and saw 4 of its levels.
You visited the Abyss 1 time.

You collected 75 gold pieces.

Inventory:

Hand Weapons
 a - a +1 short sword (weapon)
 q - a +0 hunting sling
 r - a +0 blowgun
Missiles
 k - 51 stones (quivered)
Armour
 b - a +0 robe (worn)
Jewellery
 d - an uncursed ring of protection from magic {unknown}
Scrolls
 e - a scroll of remove curse {unknown}
 g - 3 scrolls of identify {unknown}
 h - 3 scrolls of teleportation {unknown}
 j - a scroll of enchant armour {unknown}
 l - 2 scrolls of amnesia {unknown}
 m - a scroll of random uselessness {unknown}
 o - a scroll of magic mapping {unknown}
 p - a scroll of immolation {unknown}
 s - a scroll of noise {unknown}
Potions
 f - a potion of flight
Comestibles
 c - 2 bread rations
 n - 7 fruits


   Skills:
 - Level 2.4 Fighting
 - Level 2.1 Short Blades
 * Level 5.1 Dodging
 * Level 3.0 Stealth
 * Level 2.0 Spellcasting
 - Level 1.7 Invocations


You had 7 spell levels left.
You didn't know any spells.

Dungeon Overview and Level Annotations

Branches:
Dungeon (4/15)
 Temple: D:4-7

Altars:
Nemelex Xobeh

Annotations:
D:2 exclusion: 2 adders
D:3 exclusion: adder, tschems's ghost, weakling HuFi


Innate Abilities, Weirdness & Mutations

You are very small and have problems with some larger weapons.
You are too small for most types of armour.
You have supernaturally acute eyesight. (SInv)
You are a herbivore.
You cover ground extremely quickly.
You need consume almost no food.
Your body sometimes deteriorates upon taking damage.
You are resistant to hostile enchantments. (MR+)
You occasionally shout uncontrollably at your foes.


Message History

The orc wizard is heavily wounded.
The orc completely misses you. The orc wizard completely misses you.
You hit the orc wizard but do no damage.
The orc wizard is heavily wounded.
The orc misses you.
The orc wizard points at you and mumbles some strange words.
The magic dart hits you!
* * * LOW HITPOINT WARNING * * *
Okay, then.
You hit the orc wizard but do no damage.
The orc wizard is heavily wounded.
The orc completely misses you. The orc wizard completely misses you.
You barely miss the orc wizard.
The orc wizard is heavily wounded.
The orc barely misses you.
The orc wizard hits you but does no damage.
You hit the orc wizard.
The orc wizard is heavily wounded.
The orc misses you. The orc wizard hits you with a dagger.
You die...

# #. #. #.
#.##.##########
#........)....#.#
.....##........
#...##.#.#....
#...##<#.....#
#...........#
#.#.#####..###.###.##
#.....o@o......#
##########.##### #%..
#####


You could see an orc wizard and an orc.

Vanquished Creatures
  A hound skeleton (D:3)
  2 dart slugs
  2 leopard geckos
  2 orcs (D:4)
  3 giant cockroaches
  3 goblins
  3 hobgoblins
  6 jackals
  A quokka (D:2)
  A ball python (D:3)
  8 bats
  2 frilled lizards
  5 kobolds
  5 rats
44 creatures vanquished.

Notes
Turn   | Place    | Note
-------+----------+-------------------------------------------
     0 | Abyss:1  | CALLOUS the Spriggan Abyssal Knight began the quest for the Orb.
     0 | Abyss:1  | Reached XP level 1. HP: 11/11 MP: 3/3
   164 | D:1      | Escaped the Abyss
   210 | D:1      | Reached skill level 1 in Stealth
   210 | D:1      | Reached skill level 1 in Spellcasting
   458 | D:1      | Reached XP level 2. HP: 10/16 MP: 5/5
  1122 | D:1      | Reached skill level 4 in Dodging
  1397 | D:1      | Gained mutation: You are resistant to hostile enchantments. (MR+) [potion of mutation]
  1397 | D:1      | Gained mutation: You occasionally shout uncontrollably at your foes. [potion of mutation]
  1397 | D:1      | Gained mutation: Your body sometimes deteriorates upon taking damage. [potion of mutation]
  1671 | D:2      | Reached XP level 3. HP: 19/19 MP: 6/6
  1704 | D:2      | Reached ** piety under Lugonu
  2671 | D:3      | Noticed tschems's ghost (weakling HuFi)
  2949 | D:3      | Found a sparkling altar of Nemelex Xobeh.
  2966 | D:3      | Reached skill level 5 in Dodging
  3257 | D:4      | Reached XP level 4. HP: 23/23 MP: 8/8
  3269 | D:3      | Slain by an orc wizard

Skill      XL: |  1  2  3 |
---------------+----------+-----
Stealth        | 1 2 3 |  3.0
Spellcasting   | 1 2 |  2.0
Dodging        | 4 5 |  5.1
Fighting       | |  2.4
Short Blades   | |  2.1
Invocations    | |  1.7

Action                   |  1- 3 |  4- 6 || total
-------------------------+-------+-------++-------
Melee: Short sword       |   158 |     8 ||   166
Throw: Stone             |    46 |       ||    46
  Use: Potion            |     4 |       ||     4
 Stab: Sleeping          |     9 |     1 ||    10
Armor: Robe              |    11 |     1 ||    12
Dodge: Dodged            |   134 |    11 ||   145
